 Dungeon Crawl Stone Soup version 0.30-a0-172-gc5509c9e31 (webtiles) character file.

Game seed: 13516248309896512958

2489 spaghetti the Covert (level 9, -7/74 HPs)
             Began as a Gnoll Delver on Oct 2, 2022.
             Was a Priest of Kikubaaqudgha.
             Shot with an arrow by a centaur (14 damage)
             ... on level 8 of the Dungeon.
             The game lasted 00:12:10 (7708 turns).

spaghetti the Covert (Gnoll Delver)                 Turns: 7708, Time: 00:12:11

Health: -7/74      AC:  6    Str: 11    XL:     9   Next: 52%
Magic:  15/15      EV: 19    Int: 13    God:    Kikubaaqudgha [***...]
Gold:   397        SH:  8    Dex: 21    Spells: 1/17 levels left

rFire   . . .      SeeInvis .    l - +5 dagger of Terham {protect, rPois, short}
rCold   . . .      Faith    .    I - +2 buckler
rNeg    . . .      Spirit   .    a - +0 leather armour
rPois   +          Reflect  .    (no helmet)
rElec   .          Harm     .    t - +2 cloak
rCorr   .          Rampage  .    (no gloves)
Will    .....                    (no boots)
Stlth   +++++.....               (no amulet)
HPRegen 0.32/turn                A - +4 ring of evasion
MPRegen 0.14/turn                e - +6 ring of dexterity

@: no status effects
A: fangs 1, strong nose, distributed training
a: Renounce Religion, Unearth Wretches


You were on level 8 of the Dungeon.
You worshipped Kikubaaqudgha.
Kikubaaqudgha was most pleased with you.
You visited 2 branches of the dungeon, and saw 9 of its levels.

You collected 397 gold pieces.


Innate Abilities, Weirdness & Mutations

You have very sharp teeth.
Your uncanny sense of smell can sniff out nearby items.
Your experience applies equally to all skills.


   Skills:
 + Level 8.0 Fighting
 + Level 4.5 Short Blades
 + Level 4.5 Long Blades
 + Level 4.5 Axes
 + Level 4.5 Maces & Flails
 + Level 4.5 Polearms
 + Level 4.5 Staves
 + Level 4.5 Ranged Weapons
 + Level 4.5 Throwing
 + Level 4.5 Armour
 + Level 6.5 Dodging
 + Level 10.6 Stealth
 + Level 4.5 Shields
 + Level 6.5 Unarmed Combat
 + Level 4.5 Spellcasting
 + Level 3.7 Conjurations
 + Level 3.7 Hexes
 + Level 3.7 Summonings
 + Level 3.7 Necromancy
 + Level 3.7 Translocations
 + Level 3.7 Transmutations
 + Level 3.7 Fire Magic
 + Level 3.7 Ice Magic
 + Level 3.7 Air Magic
 + Level 3.7 Earth Magic
 + Level 3.7 Poison Magic
 + Level 5.0 Invocations
 + Level 4.5 Evocations


You had one spell level left.
You knew the following spells:

 Your Spells              Type           Power      Damage    Failure   Level
a - Animate Dead          Necr           12%        N/A       56%         4
b - Necrotise             Necr           48%        1d6       7%          1
c - Sublimation of Blood  Necr           12%        N/A       11%         2
d - Vampiric Draining     Necr           12%        2d6       22%         3
e - Ignite Poison         Fire/Tmut/Pois 12%        N/A       22%         3
f - Mephitic Cloud        Conj/Pois/Air  12%        N/A       22%         3

Your spell library contained the following spells:

 Spells                   Type           Power      Damage    Failure   Level
 Call Canine Familiar     Summ           12%        N/A       22%         3
 Kindle Blastsparks       Fire/Tloc/Air  24%        2d12      22%         3
 Portal Projectile        Hex/Tloc       24%        N/A       22%         3
 Anguish                  Hex/Necr       6%         N/A       56%         4
 Dispel Undead            Necr           12%        3d9       56%         4
 Leda's Liquefaction      Hex/Erth       6%         N/A       56%         4
 Manifold Assault         Tloc           12%        N/A       56%         4
 Agony                    Necr           12%        N/A       89%         5
 Borgnjor's Vile Clutch   Necr/Erth      6%         N/A       89%         5
 Freezing Cloud           Conj/Ice/Air   6%         6-21      89%         5
 Death Channel            Necr           6%         N/A       100%        6
 Dispersal                Tloc           6%         N/A       100%        6
 Simulacrum               Ice/Necr       6%         N/A       100%        6
 Disjunction              Tloc           6%         N/A       100%        8

Inventory:

Hand Weapons
 h - a +2 whip of venom {mace}
   (You took it off a gnoll on level 5 of the Dungeon)
 l - the +5 dagger of Terham (weapon) {protect, rPois, short}
   (You took it off an orc on level 3 of the Dungeon)

   It grants its wielder temporary protection when it strikes (+7 to AC).
   rPois:     It protects you from poison.
 y - the +1 dagger of the Hall of Blades {spect, rPois rCorr Int-3, short}
   (You found it on level 8 of the Dungeon)

   When its wielder attacks, the weapon's spirit leaps out and strikes again.
   The spirit shares a part of any damage it takes with its wielder.
   Int:       It affects your intelligence (-3).
   rPois:     It protects you from poison.
   rCorr:     It protects you from acid and corrosion.
 L - a +0 eveningstar {macerare=g}
   (You found it on level 7 of the Dungeon)
Missiles
 i - 123 stones (quivered) {throwing}
 m - 8 poisoned darts {throwing}
 w - 2 silver boomerangs {throwing}
Armour
 a - a +0 leather armour (worn)
 t - a +2 cloak (worn)
   (You found it on level 1 of the Dungeon)
 I - a +2 buckler (worn)
   (You found it on level 6 of the Dungeon)
Magical Staves
 n - a staff of cold {!astaff}
   (You found it on level 3 of the Dungeon)
 K - a staff of fire {!astaff}
   (You found it on level 7 of the Dungeon)
Jewellery
 e - a +6 ring of dexterity (right hand)
   (You found it on level 5 of the Dungeon)
 A - a +4 ring of evasion (left hand)
   (You found it on level 3 of the Dungeon)
 C - a ring of see invisible
   (You found it on level 4 of the Dungeon)
Wands
 f - a wand of digging (3)
 g - a wand of roots (11)
   (You found it on level 5 of the Dungeon)
 D - a wand of paralysis (10)
   (You found it on level 4 of the Dungeon)
 E - a wand of mindburst (2)
   (You found it on level 6 of the Dungeon)
Scrolls
 b - 3 scrolls of fog
 c - 4 scrolls of magic mapping {!r}
 d - 4 scrolls of fear
 p - 2 scrolls of torment {!r}
 s - a scroll of enchant weapon
 u - a scroll of vulnerability {!r!r}
 x - a scroll of amnesia
 B - 2 scrolls of teleportation {@r4}
 F - a scroll of blinking {!r}
 G - 3 scrolls of poison
Potions
 j - a potion of cancellation
 k - 2 potions of heal wounds {unknown}
 o - 2 potions of mutation {unknown}
 q - 4 potions of curing {unknown}
 r - a potion of magic {unknown}
 v - a potion of flight {unknown}
 z - 3 potions of might {unknown}
 H - 2 potions of attraction {unknown}
 J - a potion of degeneration {unknown}
 M - a potion of brilliance {unknown}

Dungeon Overview and Level Annotations

Branches:
Dungeon (8/15) Zot: 26509  Temple (1/1) D:5 Zot: 5885
   Lair: D:8-11

Altars:
Ashenzari
Dithmenos
Elyvilon
Fedhas
Hepliaklqana
Kikubaaqudgha
Makhleb
Nemelex Xobeh
Okawaru
Qazlal
Ru
Sif Muna
Trog
Uskayaw
Wu Jian
Xom
Yredelemnul
Zin
The Shining One

Annotations:
D:4 exclusion: door

....#########.##
..#..[........#
##########..#####.
PP.##........<.....
PP
..##.#####..######
##.PP_PP.##.# #..#
...PPPcP......#
#..# ...PPPP..#.#.#
#..# ∆
#......@##.#.# #..#
.<..#...##.#.# ##.#
##. ###.##.#.# #.#
#.####.##>#.####.#
#................#
#...........####
#####.###...# # #.#
###.####.#
#.#####......#


You could see a centaur.


Message History

You take 10 damage, and now have 64/74 hp.
A centaur is nearby!
A centaur is nearby!
You are too injured to fight recklessly!
The centaur shoots an arrow.
The arrow closely misses you.
The centaur shoots an arrow.
The arrow barely misses you.
The centaur shoots an arrow.
The arrow closely misses you. 😕 HP[+1]
The centaur shoots an arrow.
The arrow completely misses you.
You hit the bush but do no damage. You bite the bush, but do no damage.
The centaur unwields a +0 shortbow.
The centaur hits the bush but does no damage.
The centaur kicks the bush but does no damage.
You hit the bush but do no damage. You bite the bush, but do no damage.
The centaur wields a +0 shortbow.
The centaur shoots an arrow.
You block the arrow. 😕 HP[+1]
You hit the bush but do no damage. You bite the bush, but do no damage.
The centaur unwields a +0 shortbow.
The centaur hits the bush but does no damage.
The centaur kicks the bush but does no damage.
You hit the bush.
The centaur wields a +0 shortbow.
The centaur shoots an arrow.
You block the arrow.
You hit the bush.
The centaur shoots an arrow.
The arrow barely misses you.
You hit the bush but do no damage. You bite the bush, but do no damage.
The centaur shoots an arrow.
The arrow hits you but does no damage.
The centaur shoots an arrow.
You block the arrow.
You hit the bush but do no damage.
The centaur shoots an arrow.
You block the arrow.
You hit the bush but do no damage.
The centaur shoots an arrow.
The arrow completely misses you. 😕 HP[+1]
You hit the bush but do no damage.
The centaur shoots an arrow.
The arrow closely misses you.
Something hits the bush but does no damage.
You puncture the bush!
The centaur shoots an arrow.
The arrow hits you!
You hit the bush but do no damage.
The centaur unwields a +0 shortbow.
The centaur completely misses the bush.
The centaur kicks the bush but does no damage.
Something hits the bush but does no damage. 😕 HP[-6]
You take 6 damage, and now have 61/74 hp.
You hit the bush but do no damage. You bite the bush, but do no damage.
The centaur wields a +0 shortbow.
The centaur shoots an arrow.
The arrow hits you. 😮 HP[-6]
You take 6 damage, and now have 55/74 hp.
You hit the bush but do no damage. You bite the bush, but do no damage.
The centaur shoots an arrow.
You block the arrow.
You puncture the bush! You bite the bush, but do no damage.
The centaur shoots an arrow.
The arrow hits you.
The centaur shoots an arrow.
The arrow hits you!
You hit the bush. You bite the bush, but do no damage.
The centaur shoots an arrow.
The arrow hits you!
* * * LOW HITPOINT WARNING * * *
You hit the bush but do no damage.
The centaur shoots an arrow.
The arrow misses you.
You hit the bush but do no damage. You bite the bush, but do no damage.
The centaur shoots an arrow.
The arrow hits you.
* * * LOW HITPOINT WARNING * * *
Something hits the bush but does no damage.
The centaur shoots an arrow.
The arrow hits you but does no damage.
You hit the bush.
The centaur unwields a +0 shortbow.
The centaur hits the bush but does no damage.
The centaur kicks the bush but does no damage.
You hit the bush but do no damage.
The centaur wields a +0 shortbow.
The centaur shoots an arrow.
The arrow hits you!
* * * LOW HITPOINT WARNING * * *
You hit the bush but do no damage.
The centaur shoots an arrow.
The arrow hits you.
* * * LOW HITPOINT WARNING * * *
You hit the bush.
The centaur shoots an arrow.
The arrow barely misses you.
You puncture the bush!
The centaur shoots an arrow.
The arrow completely misses you.
You hit the bush. You bite the bush, but do no damage.
The centaur shoots an arrow.
The arrow completely misses you.
Something hits the bush but does no damage.
The centaur shoots an arrow.
You block the arrow.
You hit the bush but do no damage.
The centaur shoots an arrow.
You block the arrow.
You hit the bush but do no damage.
The centaur shoots an arrow.
The arrow misses you.
Something hits the bush but does no damage.
You hit the bush but do no damage.
The centaur shoots an arrow.
You block the arrow.
You hit the bush but do no damage.
The centaur shoots an arrow.
The arrow hits you!
* * * LOW HITPOINT WARNING * * *
Something hits the bush but does no damage.
The centaur unwields a +0 shortbow.
The centaur hits the bush.
The centaur kicks the bush but does no damage.
You hit the bush but do no damage. You bite the bush, but do no damage.
The centaur wields a +0 shortbow.
The centaur shoots an arrow.
The arrow hits you.
* * * LOW HITPOINT WARNING * * *
You hit the bush.
Something hits the bush but does no damage.
The centaur shoots an arrow.
The arrow hits you!
You die...
Kikubaaqudgha rasps: "You have failed me!
Welcome... death!"

Skill      XL: |  1  2  3  4  5  6  7  8  9 |
---------------+----------------------------+-----
Stealth        | 10 | 10.6
Invocations    | 1 2 3 4 5 |  5.0
Short Blades   | 1 2 3 4 |  4.5
Long Blades    | 1 2 3 4 |  4.5
Axes           | 1 2 3 4 |  4.5
Maces & Flails | 1 2 3 4 |  4.5
Polearms       | 1 2 3 4 |  4.5
Staves         | 1 2 3 4 |  4.5
Ranged Weapons | 1 2 3 4 |  4.5
Throwing       | 1 2 3 4 |  4.5
Armour         | 1 2 3 4 |  4.5
Shields        | 1 2 3 4 |  4.5
Spellcasting   | 1 2 3 4 |  4.5
Evocations     | 1 2 3 4 |  4.5
Conjurations   | 1 2 3 |  3.7
Hexes          | 1 2 3 |  3.7
Summonings     | 1 2 3 |  3.7
Necromancy     | 1 2 3 |  3.7
Translocations | 1 2 3 |  3.7
Transmutations | 1 2 3 |  3.7
Fire Magic     | 1 2 3 |  3.7
Ice Magic      | 1 2 3 |  3.7
Air Magic      | 1 2 3 |  3.7
Earth Magic    | 1 2 3 |  3.7
Poison Magic   | 1 2 3 |  3.7
Dodging        | 5 6 |  6.5
Unarmed Combat | 5 6 |  6.5
Fighting       | 7 8 |  8.0

Action                   |  1- 3 |  4- 6 |  7- 9 || total
-------------------------+-------+-------+-------++-------
Melee: Unarmed           |    30 |       |       ||    30
       Bite              |     2 |    19 |    49 ||    70
       Whip              |       |    54 |       ||    54
       Punch             |       |    11 |       ||    11
       Dagger            |       |   172 |   285 ||   457
 Cast: Necrotise         |       |       |    14 ||    14
Evoke: Wand              |       |       |     1 ||     1
  Use: Potion            |     1 |       |       ||     1
       Scroll            |     2 |     3 |     7 ||    12
 Stab: Sleeping          |     1 |    31 |    20 ||    52
       Distracted        |       |     1 |     1 ||     2
Armor: Leather armour    |     3 |    98 |    41 ||   142
Dodge: Dodged            |    26 |   168 |   187 ||   381
Block: Buckler           |       |       |    59 ||    59

Levels and vault maps discovered:
D:1:      minmay_arrival_checkered_box, layout_loops_cross, serial_forest,
          infiniplex_forest_lined_2, infiniplex_forest_clump_cross,
          infiniplex_forest_lined_ring, infiniplex_forest_diagonal,
          infiniplex_forest_clump_C, infiniplex_forest_clump_long,
          infiniplex_forest_lined_corner, infiniplex_forest_corner_1,
          minmay_tree_intersection, minmay_bisected
D:2:      layout_loops_ring
D:3:      layout_rooms, mainiacjoe_overflow_brackets,
          gammafunk_temple_overflow_wave, chequers_ecumenical_altar_lobes,
          nicolae_hexahallways, kennysheep_small_spiral, minmay_misc_feat_tiny,
          minivault_4, minmay_divided_ellipse
D:4:      layout_basic, led_sif_book
D:5:      layout_gridville, lemuel_crystal_altar,
          minmay_temple_entry_glassed_door, nicolae_ossuary_entry_catacombs,
          st_stairs_5, uniq_edmund
D:6:      layout_rooms, mainiacjoe_overflow_chevrons,
          lemuel_zombie_altar_yredelemnul, portal_sewer_entry_a
D:7:      layout_layer_cave, ashenzari_altar_1, enter_bailey_6
D:8:      layout_loops_ring, slow_altar_2, fedhas_bush_and_centaur_altar,
          serial_shops, nicolae_shop_trees
Temple:   hellmonk_temple_beads

Notes
Turn   | Place    | Note
-------+----------+-------------------------------------------
     0 | D:5      | Reached skill level 9 in Stealth
     0 | D:5      | spaghetti the Gnoll Delver began the quest for the Orb.
     0 | D:5      | Reached XP level 1. HP: 23/23 MP: 1/1
     0 | D:5      | magus.rc [v1.9.6]
     6 | D:5      | Noticed a hound
   210 | D:5      | Reached XP level 2. HP: 21/29 MP: 2/2
   261 | D:5      | Reached skill level 1 in Invocations
   261 | D:5      | Reached XP level 3. HP: 19/35 MP: 2/4
   370 | D:5      | Reached skill level 1 in Short Blades
   370 | D:5      | Reached skill level 1 in Long Blades
   370 | D:5      | Reached skill level 1 in Axes
   370 | D:5      | Reached skill level 1 in Maces & Flails
   370 | D:5      | Reached skill level 1 in Polearms
   370 | D:5      | Reached skill level 1 in Staves
   370 | D:5      | Reached skill level 1 in Ranged Weapons
   370 | D:5      | Reached skill level 1 in Throwing
   370 | D:5      | Reached skill level 1 in Armour
   370 | D:5      | Reached skill level 1 in Shields
   370 | D:5      | Reached skill level 1 in Spellcasting
   370 | D:5      | Reached skill level 1 in Evocations
   373 | D:5      | Reached XP level 4. HP: 16/41 MP: 5/5
   539 | D:5      | Found a white marble altar of Elyvilon.
   560 | D:5      | Found a staircase to the Ecumenical Temple.
   564 | Temple   | Entered the Ecumenical Temple
   665 | Temple   | Became a worshipper of Kikubaaqudgha
   716 | D:5      | Reached skill level 1 in Conjurations
   716 | D:5      | Reached skill level 1 in Hexes
   716 | D:5      | Reached skill level 1 in Summonings
   716 | D:5      | Reached skill level 1 in Necromancy
   716 | D:5      | Reached skill level 1 in Translocations
   716 | D:5      | Reached skill level 1 in Transmutations
   716 | D:5      | Reached skill level 1 in Fire Magic
   716 | D:5      | Reached skill level 1 in Ice Magic
   716 | D:5      | Reached skill level 1 in Air Magic
   716 | D:5      | Reached skill level 1 in Earth Magic
   716 | D:5      | Reached skill level 1 in Poison Magic
   767 | D:5      | You pick up a book of Unlife and begin reading...
   767 | D:5      | You add the spells Animate Dead, Borgnjor's Vile Clutch and
                  | Death Channel to your library.
   797 | D:5      | Learned a level 4 spell: Animate Dead
   814 | D:5      | Reached XP level 5. HP: 28/47 MP: 7/7
  1115 | D:3      | Found an iron altar of Okawaru.
  1213 | D:3      | Identified the +5 dagger of Terham {protect, rPois}
  1312 | D:3      | Reached skill level 2 in Invocations
  1355 | D:3      | Reached * piety under Kikubaaqudgha
  1355 | D:3      | You add the spells Necrotise, Sublimation of Blood,
                  | Vampiric Draining and Anguish to your library.
  1355 | D:3      | Received a gift from Kikubaaqudgha
  1385 | D:3      | Found a faded altar of an unknown god.
  1434 | D:3      | Found a hide-covered altar of Uskayaw.
  1434 | D:3      | Found a shadowy altar of Dithmenos.
  1511 | D:3      | Learned a level 1 spell: Necrotise
  1700 | D:3      | Reached XP level 6. HP: 53/53 MP: 8/8
  2116 | D:2      | Reached skill level 5 in Dodging
  2116 | D:2      | Reached skill level 5 in Unarmed Combat
  2384 | D:2      | Reached skill level 2 in Short Blades
  2384 | D:2      | Reached skill level 2 in Long Blades
  2384 | D:2      | Reached skill level 2 in Axes
  2384 | D:2      | Reached skill level 2 in Maces & Flails
  2384 | D:2      | Reached skill level 2 in Polearms
  2384 | D:2      | Reached skill level 2 in Staves
  2384 | D:2      | Reached skill level 2 in Ranged Weapons
  2384 | D:2      | Reached skill level 2 in Throwing
  2384 | D:2      | Reached skill level 2 in Armour
  2384 | D:2      | Reached skill level 2 in Shields
  2384 | D:2      | Reached skill level 2 in Spellcasting
  2384 | D:2      | Reached skill level 2 in Evocations
  2801 | D:1      | You pick up a book of the Warp and begin reading...
  2801 | D:1      | You add the spells Manifold Assault, Dispersal and
                  | Disjunction to your library.
  3009 | D:1      | Reached ** piety under Kikubaaqudgha
  3295 | D:1      | You pick up a book of the Hunter and begin reading...
  3295 | D:1      | You add the spells Call Canine Familiar, Portal Projectile
                  | and Leda's Liquefaction to your library.
  3777 | D:3      | Noticed a black bear
  3790 | D:3      | Killed a black bear
  3791 | D:3      | Reached skill level 7 in Fighting
  3791 | D:3      | Reached skill level 2 in Conjurations
  3791 | D:3      | Reached skill level 2 in Hexes
  3791 | D:3      | Reached skill level 2 in Summonings
  3791 | D:3      | Reached skill level 2 in Necromancy
  3791 | D:3      | Reached skill level 2 in Translocations
  3791 | D:3      | Reached skill level 2 in Transmutations
  3791 | D:3      | Reached skill level 2 in Fire Magic
  3791 | D:3      | Reached skill level 2 in Ice Magic
  3791 | D:3      | Reached skill level 2 in Air Magic
  3791 | D:3      | Reached skill level 2 in Earth Magic
  3791 | D:3      | Reached skill level 2 in Poison Magic
  3791 | D:3      | Reached XP level 7. HP: 49/60 MP: 10/10
  4276 | D:4      | Found a shimmering blue altar of Sif Muna.
  4762 | D:5      | Learned a level 2 spell: Sublimation of Blood
  4766 | D:5      | Learned a level 3 spell: Vampiric Draining
  4837 | D:5      | Noticed Edmund
  4854 | D:5      | Killed Edmund
  4855 | D:5      | Reached skill level 10 in Stealth
  4980 | D:5      | Reached skill level 3 in Invocations
  5143 | D:6      | Reached skill level 3 in Short Blades
  5143 | D:6      | Reached skill level 3 in Long Blades
  5143 | D:6      | Reached skill level 3 in Axes
  5143 | D:6      | Reached skill level 3 in Maces & Flails
  5143 | D:6      | Reached skill level 3 in Polearms
  5143 | D:6      | Reached skill level 3 in Staves
  5143 | D:6      | Reached skill level 3 in Ranged Weapons
  5143 | D:6      | Reached skill level 3 in Throwing
  5143 | D:6      | Reached skill level 3 in Armour
  5143 | D:6      | Reached skill level 3 in Shields
  5143 | D:6      | Reached skill level 3 in Spellcasting
  5143 | D:6      | Reached skill level 3 in Evocations
  5143 | D:6      | Reached XP level 8. HP: 41/67 MP: 12/12
  5520 | D:6      | Found a stormy altar of Qazlal.
  5668 | D:6      | You add the spells Kindle Blastsparks, Ignite Poison,
                  | Mephitic Cloud and Freezing Cloud to your library.
  5814 | D:6      | Found a basalt altar of Yredelemnul.
  5909 | D:7      | Reached skill level 3 in Conjurations
  5909 | D:7      | Reached skill level 3 in Hexes
  5909 | D:7      | Reached skill level 3 in Summonings
  5909 | D:7      | Reached skill level 3 in Necromancy
  5909 | D:7      | Reached skill level 3 in Translocations
  5909 | D:7      | Reached skill level 3 in Transmutations
  5909 | D:7      | Reached skill level 3 in Fire Magic
  5909 | D:7      | Reached skill level 3 in Ice Magic
  5909 | D:7      | Reached skill level 3 in Air Magic
  5909 | D:7      | Reached skill level 3 in Earth Magic
  5909 | D:7      | Reached skill level 3 in Poison Magic
  5909 | D:7      | Reached skill level 4 in Invocations
  6253 | D:7      | Reached skill level 6 in Dodging
  6253 | D:7      | Reached skill level 6 in Unarmed Combat
  6313 | D:7      | Reached XP level 9. HP: 73/73 MP: 14/14
  6317 | D:7      | Learned a level 3 spell: Ignite Poison
  6572 | D:7      | L - a +0 eveningstar {macerare=g}
  6593 | D:7      | Reached skill level 4 in Short Blades
  6593 | D:7      | Reached skill level 4 in Long Blades
  6593 | D:7      | Reached skill level 4 in Axes
  6593 | D:7      | Reached skill level 4 in Maces & Flails
  6593 | D:7      | Reached skill level 4 in Polearms
  6593 | D:7      | Reached skill level 4 in Staves
  6593 | D:7      | Reached skill level 4 in Ranged Weapons
  6593 | D:7      | Reached skill level 4 in Throwing
  6593 | D:7      | Reached skill level 4 in Armour
  6593 | D:7      | Reached skill level 4 in Shields
  6593 | D:7      | Reached skill level 4 in Spellcasting
  6593 | D:7      | Reached skill level 4 in Evocations
  6920 | D:7      | Found a broken altar of Ashenzari.
  7318 | D:8      | Reached *** piety under Kikubaaqudgha
  7318 | D:8      | You add the spells Dispel Undead, Agony and Simulacrum to
                  | your library.
  7318 | D:8      | Received a gift from Kikubaaqudgha
  7368 | D:8      | Reached skill level 8 in Fighting
  7391 | D:8      | Learned a level 3 spell: Mephitic Cloud
  7559 | D:8      | Identified the +1 dagger of the Hall of Blades {spect,
                  | rPois rCorr Int-3}
  7602 | D:8      | Reached skill level 5 in Invocations
  7646 | D:8      | Found a blossoming altar of Fedhas.
  7706 | D:8      | HP: 12/74 [centaur/arrow (11)]
  7708 | D:8      | Shot with an arrow by a centaur

Vanquished Creatures
  A steam dragon (D:7)
  Edmund (D:5)
  3 sky beasts
  3 ogres (D:6)
  A black bear (D:3)
  An ice beast (D:6)
  A centaur (D:3)
  3 bullfrogs
  A wyvern zombie (D:6)
  3 elf skeletons (D:5)
  A scorpion (D:7)
  5 wights (D:8)
  5 killer bees (D:8)
  A howler monkey (D:5)
  A jelly (D:7)
  3 hounds
  A human zombie (D:5)
  An iguana (D:7)
  An orc wizard (D:3)
  A howler monkey zombie (D:6)
  3 gnolls (D:5)
  7 adders
  2 river rats (D:6)
  3 shadow imps
  A dart slug (D:3)
  5 worms
  20 orcs
  8 ball pythons
  3 bats
  5 endoplasms
  7 giant cockroaches
  9 goblins
  5 hobgoblins
  11 jackals
  3 quokkas
  5 frilled lizards
  10 kobolds
  2 orc skeletons (D:5)
  9 rats
156 creatures vanquished.

Vanquished Creatures (others)
  4 plants (D:3)
4 creatures vanquished.

Grand Total: 160 creatures vanquished

Table legend:
 A = Non-vault XP
 B = Vault XP
 C = Vault XP percentage of total XP
 D = Non-vault monster count
 E = Vault monster count
 F = Vault count percentage of total count
                 A         B        C        D         E       F
            +---------+---------+-------+---------+---------+-------
      Total |    2646 |     911 |  25.6 |     121 |      35 |  22.4
            +---------+---------+-------+---------+---------+-------
        D:1 |      24 |       8 |  25.0 |      16 |       5 |  23.8
        D:2 |      68 |       0 |   0.0 |      20 |       0 |   0.0
        D:3 |      92 |     286 |  75.7 |      29 |      13 |  31.0
        D:4 |      39 |       0 |   0.0 |      13 |       0 |   0.0
        D:5 |     118 |     486 |  80.5 |       9 |       9 |  50.0
        D:6 |     678 |     131 |  16.2 |      12 |       8 |  40.0
        D:7 |     863 |       0 |   0.0 |      11 |       0 |   0.0
        D:8 |     764 |       0 |   0.0 |      11 |       0 |   0.0
            +---------+---------+-------+---------+---------+-------

Illustrated notes

Table legend:
 A = Kills in this place as a percentage of kills in entire the game.
 B = Kills by you in this place as a percentage of kills by you in the entire game.
 C = Kills by friends in this place as a percentage of kills by friends in the entire game.
 D = Other kills in this place as a percentage of other kills in the entire game.
 E = Experience gained in this place as a percentage of experience gained in the entire game.
 F = Experience gained in this place divided by the number of levels of this place that you have seen.
                   A       B       C       D       E      F
               +-------+-------+-------+-------+-------+----------------------
         Total | 100.0 | 100.0 |   N/A |   N/A | 100.0 | 395.2
       Dungeon | 100.0 | 100.0 |   N/A |   N/A | 100.0 | 444.6
               +-------+-------+-------+-------+-------+----------------------

Table legend: (Time is in decaauts)
 A = Elapsed time spent in this place.
 B = Non-inter-level travel time spent in this place.
 C = Inter-level travel time spent in this place.
 D = Time resting spent in this place.
 E = Time spent auto-exploring this place.
 F = Levels seen in this place.
 G = Mean time per level.
                   A        B        C        D        E       F      G
               +--------+--------+--------+--------+--------+-----+--------+
         Total |   7635 |   7289 |    346 |    262 |   5794 |   9 |  848.3 |
       Dungeon |   7521 |   7188 |    333 |    262 |   5706 |   8 |  940.1 |
        Temple |    114 |    101 |     13 |      0 |     88 |   1 |  114.0 |
               +--------+--------+--------+--------+--------+-----+--------+

Top non-repeatable levels by time:
     D:3: 1332 daAuts
     D:7: 1302 daAuts
     D:5: 1114 daAuts
     D:4: 882 daAuts
     D:1: 858 daAuts
     D:6: 773 daAuts
     D:2: 767 daAuts
     D:8: 489 daAuts
  Temple: 114 daAuts
